Toronto Maple Leafs vs New York Rangers
(R1)
Created - Thursday, February 20, 2025 at 08:51
Goals
|
| Toronto Maple Leafs |
1 |
0 |
1 |
2 |
| New York Rangers |
1 |
3 |
1 |
5 |
|
Shots
|
| Toronto Maple Leafs |
8 |
11 |
5 |
24 |
| New York Rangers |
14 |
11 |
8 |
33 |
|
1st period
1. New York Rangers , Nathan MacKinnon 3 (Kyle Burroughs 1, Brendan Smith 3) at 7:02
2. Toronto Maple Leafs , Nick Bjugstad 4 (Aaron Ekblad 4, Ryan Pulock 4) at 9:56
Penalties :
Mathew Barzal (NYR) for Interference (Minor) at 17:50
2nd period
3. New York Rangers , Tyler Motte 1 (David Kampf 2, Conor Garland 7) at 2:43
4. New York Rangers , Mathew Barzal 6 (Jake Walman 2) at 3:38
5. New York Rangers , Cole Caufield 6 (Mathew Barzal 10, Dylan Strome 4) at 8:08
Penalties :
Nikolaj Ehlers (NYR) for Fighting (Major) at 7:25, Sean Walker (TOR) for Fighting (Major) at 7:25, Dougie Hamilton (TOR) for Roughing (Minor) at 9:17, Nikolaj Ehlers (NYR) for Interference (Minor) at 13:47, Brendan Smith (NYR) for Hooking (Minor) at 15:14, Joe Pavelski (NYR) for Roughing (Minor) at 18:32
3rd period
6. New York Rangers , Conor Garland 1 (David Kampf 3, Jake Walman 3) at 13:40
7. Toronto Maple Leafs , Brady Tkachuk 5 (Troy Terry 12, Tomas Hertl 15) at 18:15 (PP)
Penalties :
Nick Bjugstad (TOR) for Slashing (Minor) at 4:47, Brady Tkachuk (TOR) for Slashing (Minor) at 9:40, Dylan Strome (NYR) for Roughing (Minor) at 18:10
Goalie Stats
Cam Talbot (TOR), 28 saves from 33 shots - (0.848), L, 6-3-0, 60:00 minutes
Igor Shesterkin (NYR), 22 saves from 24 shots - (0.917), W, 6-5-1, 60:00 minutes
Players Stats for Toronto Maple Leafs
Player Name G A P +/- PIM S H SB GA TA FO MP PP MP PK MP
------------------------------------------------------------------------------------
Aaron Ekblad 0 1 1 -2 0 2 4 1 0 0 0/0 24:20 3:36 3:09
Andrew Mangiapane 0 0 0 -1 0 0 0 0 0 1 0/0 6:26 0:00 0:00
Brady Tkachuk 1 0 1 -1 2 5 3 0 2 0 0/0 18:03 3:47 0:20
Brandon Saad 0 0 0 -1 0 0 0 0 0 0 0/2 6:50 0:00 0:06
Cody Ceci 0 0 0 -2 0 0 2 1 0 1 0/0 23:22 3:53 2:48
Dougie Hamilton 0 0 0 0 2 1 2 1 1 0 0/0 16:46 3:36 0:00
Mario Ferraro 0 0 0 -2 0 0 0 1 0 0 0/0 19:47 0:00 2:48
Nick Bjugstad 1 0 1 -1 2 3 0 0 2 1 0/2 19:49 3:42 1:57
Nicolas Roy 0 0 0 -1 0 0 0 1 0 1 1/2 14:21 0:00 2:33
Nino Niederreiter 0 0 0 -1 0 3 0 0 0 0 1/2 13:27 0:00 1:10
Quinton Byfield 0 0 0 -1 0 2 3 1 1 0 1/1 17:50 3:42 0:00
Ryan Pulock 0 1 1 -2 0 1 2 0 0 1 0/0 19:24 0:00 3:09
Sam Bennett 0 0 0 -1 0 2 1 1 1 0 7/9 12:00 0:00 0:00
Scott Laughton 0 0 0 -1 0 0 0 0 0 0 4/6 9:29 0:00 2:48
Sean Walker 0 0 0 0 5 0 0 1 0 0 0/0 16:23 3:53 0:00
Tomas Hertl 0 1 1 -1 0 0 3 0 0 0 10/16 19:53 3:47 2:27
Troy Terry 0 1 1 -1 0 4 0 0 1 0 0/2 17:26 3:47 0:00
Wyatt Johnston 0 0 0 -1 0 1 1 1 0 0 10/23 18:23 3:42 0:33
Players Stats for New York Rangers
Player Name G A P +/- PIM S H SB GA TA FO MP PP MP PK MP
------------------------------------------------------------------------------------
Adam Larsson 0 0 0 2 0 0 0 0 0 0 0/0 19:39 0:00 4:01
Artemi Panarin 0 0 0 0 0 1 1 0 0 0 0/0 15:36 2:56 0:00
Brendan Smith 0 1 1 0 2 0 1 0 0 2 0/0 16:53 0:15 2:23
Cam Fowler 0 0 0 2 0 1 2 2 0 0 0/0 24:30 3:49 4:05
Cole Caufield 1 0 1 2 0 1 1 0 0 0 0/0 16:25 2:40 0:00
Conor Garland 1 1 2 2 0 2 0 0 1 0 0/0 7:52 0:52 0:00
David Kampf 0 2 2 2 0 0 1 0 0 0 3/10 10:48 0:00 3:42
Dylan Strome 0 1 1 2 2 1 1 1 0 0 11/22 17:06 2:59 0:00
Jake McCabe 0 0 0 2 0 2 1 3 0 1 0/0 16:44 0:00 0:30
Jake Walman 0 2 2 2 0 0 1 1 0 2 0/0 22:24 2:08 3:50
Joe Pavelski 0 0 0 0 2 4 1 0 0 0 0/0 15:31 2:40 0:00
Kyle Burroughs 0 1 1 0 0 2 2 1 0 1 0/0 13:40 0:00 0:08
Mathew Barzal 1 1 2 2 2 5 0 1 1 0 0/0 17:04 3:05 0:00
Mikael Granlund 0 0 0 0 0 3 1 0 0 1 8/16 19:08 2:21 3:47
Nathan MacKinnon 1 0 1 0 0 6 1 0 3 0 7/15 16:58 3:49 0:00
Nikolaj Ehlers 0 0 0 0 7 1 1 0 0 0 0/0 14:10 1:45 0:07
Teuvo Teravainen 0 0 0 0 0 3 1 0 0 1 2/2 16:13 0:00 3:25
Tyler Motte 1 0 1 2 0 1 0 0 0 0 0/0 11:12 0:26 3:25
3 Stars
1 - Conor Garland (NYR)
2 - Jake Walman (NYR)
3 - Mathew Barzal (NYR)
Power Play
Toronto Maple Leafs - 1 on 5 Attempt(s) - 20.00%
New York Rangers - 0 on 3 Attempt(s) - 0.00%
Penalty Kill
Toronto Maple Leafs - 3 on 3 Attempt(s) - 100.00%
- Score 0 goal in Penalty Kill
New York Rangers - 4 on 5 Attempt(s) - 80.00%
- Score 0 goal in Penalty Kill
Team Stat
Toronto Maple Leafs - Hits : 21 - Faceoff Wins : 34 - Blocked Shots : 9 - Penalty Minutes : 11
New York Rangers - Hits : 16 - Faceoff Wins : 31 - Blocked Shots : 9 - Penalty Minutes : 15
Official
Referees : Marc Joannette and Chris Schlenker
Linesman : Derek Nansen and Joseph Mahon
Game Notes
Nikolaj Ehlers and Sean Walker fight to a draw at 7:25 of 2nd period
Finance
Level 1 -- Attendance: 4692 (78.20%) -- Ticket Income $478,584
Level 2 -- Attendance: 3528 (70.56%) -- Ticket Income $222,264
Level 3 -- Attendance: 2040 (68.00%) -- Ticket Income $83,640
Level 4 -- Attendance: 3559 (71.18%) -- Ticket Income $99,652
Luxury Box -- Attendance: 814 (81.40%) -- Ticket Income $158,730
Game was played at the Madison Square Garden.
Total Attendance: 14633 (73.17%)
Total Ticket Income: $1,042,870
Other Income: $365,004
Total Income: $1,407,874
Toronto Maple Leafs
5 vs 5 Forward
Center Left Wing Right Wing Time % Phy DF OF
1 Tomas Hertl Brady Tkachuk Troy Terry 30 1 2 2
2 Wyatt Johnston Quinton Byfield Nick Bjugstad 30 1 2 2
3 Sam Bennett Nino Niederreiter Nicolas Roy 25 1 2 2
4 Scott Laughton Brandon Saad Andrew Mangiapane 15 1 2 2
5 vs 5 Defense
Defense Defense Time % Phy DF OF
1 Aaron Ekblad Ryan Pulock 35 1 2 2
2 Cody Ceci Mario Ferraro 35 1 2 2
3 Sean Walker Dougie Hamilton 30 1 2 2
4 Aaron Ekblad Mario Ferraro 0 1 2 2
PowerPlay Forward
Center Left Wing Right Wing Time % Phy DF OF
1 Tomas Hertl Brady Tkachuk Troy Terry 50 1 2 2
2 Wyatt Johnston Quinton Byfield Nick Bjugstad 50 1 2 2
PowerPlay Defense
Defense Defense Time % Phy DF OF
1 Dougie Hamilton Aaron Ekblad 50 1 2 2
2 Sean Walker Cody Ceci 50 1 2 2
Penalty Kill 4 Players Forward
Center Wing Time % Phy DF OF
1 Nick Bjugstad Scott Laughton 50 1 2 2
2 Tomas Hertl Nicolas Roy 50 1 2 2
Penalty Kill 4 Players Defense
Defense Defense Time % Phy DF OF
1 Aaron Ekblad Ryan Pulock 50 1 2 2
2 Mario Ferraro Cody Ceci 50 1 2 2
Penalty Kill - 3 Players Forward
Forward Time % Phy DF OF
1 Tomas Hertl 50 1 2 2
2 Nick Bjugstad 50 1 2 2
Penalty Kill - 3 Players Defense
Defense Defense Time % Phy DF OF
1 Aaron Ekblad Ryan Pulock 50 1 2 2
2 Cody Ceci Mario Ferraro 50 1 2 2
4 vs 4 Forward
Center Wing Time % Phy DF OF
1 Wyatt Johnston Brady Tkachuk 50 1 2 2
2 Tomas Hertl Troy Terry 50 1 2 2
4 vs 4 Defense
Defense Defense Time % Phy DF OF
1 Aaron Ekblad Dougie Hamilton 50 1 2 2
2 Ryan Pulock Mario Ferraro 50 1 2 2
Last Minutes Offensive
Center Left Wing Right Wing Defense Defense
Tomas Hertl Brady Tkachuk Troy Terry Aaron Ekblad Dougie Hamilton
Last Minutes Defensive
Center Left Wing Right Wing Defense Defense
Tomas Hertl Scott Laughton Troy Terry Aaron Ekblad Mario Ferraro
Goaltenders
Starting : Cam Talbot
Backup : Frederik Andersen
Extra Forwards
Normal : Wyatt Johnston, Sam Bennett, Nino Niederreiter - PP : Wyatt Johnston, Sam Bennett - PK : Nino Niederreiter
Extra Defensemen
Normal : Sean Walker, Dougie Hamilton, Cody Ceci - PP : Sean Walker - PK : Dougie Hamilton, Cody Ceci
Penalty Shots
Dougie Hamilton, Nick Bjugstad, Troy Terry, Quinton Byfield, Nicolas Roy
Scratches
Bowen Byram (Healthy), Kyle Okposo (Healthy), Warren Foegele (Healthy), Luke Schenn (Healthy), Pierre Engvall (Healthy)
New York Rangers
5 vs 5 Forward
Center Left Wing Right Wing Time % Phy DF OF
1 Dylan Strome Cole Caufield Mathew Barzal 32 0 1 4
2 Nathan MacKinnon Artemi Panarin Nikolaj Ehlers 29 1 1 3
3 Mikael Granlund Teuvo Teravainen Joe Pavelski 29 1 2 2
4 David Kampf Conor Garland Tyler Motte 10 1 3 1
5 vs 5 Defense
Defense Defense Time % Phy DF OF
1 Cam Fowler Adam Larsson 36 1 2 2
2 Jake McCabe Jake Walman 34 1 2 2
3 Brendan Smith Kyle Burroughs 30 1 2 2
4 Cam Fowler Jake McCabe 0 1 2 2
PowerPlay Forward
Center Left Wing Right Wing Time % Phy DF OF
1 Dylan Strome Artemi Panarin Mathew Barzal 60 0 1 4
2 Joe Pavelski Cole Caufield Nikolaj Ehlers 40 0 1 4
PowerPlay Defense
Defense Defense Time % Phy DF OF
1 Cam Fowler Nathan MacKinnon 60 0 2 3
2 Mikael Granlund Jake Walman 40 0 2 3
Penalty Kill 4 Players Forward
Center Wing Time % Phy DF OF
1 David Kampf Tyler Motte 50 1 3 1
2 Mikael Granlund Teuvo Teravainen 50 1 3 1
Penalty Kill 4 Players Defense
Defense Defense Time % Phy DF OF
1 Jake Walman Brendan Smith 50 1 3 1
2 Adam Larsson Cam Fowler 50 1 3 1
Penalty Kill - 3 Players Forward
Forward Time % Phy DF OF
1 David Kampf 50 1 4 0
2 Mikael Granlund 50 1 4 0
Penalty Kill - 3 Players Defense
Defense Defense Time % Phy DF OF
1 Jake Walman Brendan Smith 50 1 4 0
2 Jake McCabe Cam Fowler 50 1 4 0
4 vs 4 Forward
Center Wing Time % Phy DF OF
1 Nathan MacKinnon Artemi Panarin 50 1 2 2
2 Dylan Strome Cole Caufield 50 1 2 2
4 vs 4 Defense
Defense Defense Time % Phy DF OF
1 Cam Fowler Jake McCabe 50 1 2 2
2 Adam Larsson Jake Walman 50 1 2 2
Last Minutes Offensive
Center Left Wing Right Wing Defense Defense
Nathan MacKinnon Artemi Panarin Mathew Barzal Cam Fowler Jake Walman
Last Minutes Defensive
Center Left Wing Right Wing Defense Defense
David Kampf Mikael Granlund Tyler Motte Kyle Burroughs Brendan Smith
Goaltenders
Starting : Igor Shesterkin
Backup : Ilya Samsonov
Extra Forwards
Normal : Dylan Strome, Joe Pavelski, Nikolaj Ehlers - PP : Dylan Strome, Conor Garland - PK : Nikolaj Ehlers
Extra Defensemen
Normal : Brendan Smith, Cam Fowler, Adam Larsson - PP : Brendan Smith - PK : Cam Fowler, Adam Larsson
Penalty Shots
Artemi Panarin, Dylan Strome, Cole Caufield, Conor Garland, Nathan MacKinnon
Scratches
Matthew Benning (Right Leg Injury), Marcus Foligno (Healthy), Kevin Lankinen (Sports Hernia Injury)
% Time on Ice - Toronto Maple Leafs
Lines # - Real PCT - Wanted PCT - Time Play
Normal Forward
1 - 30% - 30% - 14:12
2 - 30% - 30% - 14:08
3 - 25% - 25% - 11:48
4 - 14% - 15% - 6:26
Normal Defense
1 - 35% - 35% - 16:25
2 - 35% - 35% - 16:26
3 - 28% - 30% - 12:57
4 - 2% - 0% - 0:46
PP Forward
1 - 51% - 50% - 3:47
2 - 49% - 50% - 3:42
PP Defense
1 - 48% - 50% - 3:36
2 - 52% - 50% - 3:53
PK Forward
1 - 55% - 50% - 3:15
2 - 45% - 50% - 2:42
PK Defense
1 - 53% - 50% - 3:09
2 - 47% - 50% - 2:48
PK3 Forward
1 - 0% - 50%
2 - 0% - 50%
PK3 Defense
1 - 0% - 50%
2 - 0% - 50%
44 Forward
1 - 0% - 50%
2 - 0% - 50%
44 Defense
1 - 0% - 50%
2 - 0% - 50%
Last Minute Offensive - 0:00
Last Minute Defensive - 0:00
Total
Forward - 60:00
Defense - 60:00
|
% Time on Ice - New York Rangers
Lines # - Real PCT - Wanted PCT - Time Play
Normal Forward
1 - 31% - 32% - 14:19
2 - 27% - 29% - 12:41
3 - 27% - 29% - 12:48
4 - 15% - 10% - 6:46
Normal Defense
1 - 36% - 36% - 16:39
2 - 34% - 34% - 15:45
3 - 29% - 30% - 13:31
4 - 1% - 0% - 0:39
PP Forward
1 - 52% - 60% - 3:04
2 - 48% - 40% - 2:53
PP Defense
1 - 64% - 60% - 3:49
2 - 36% - 40% - 2:08
PK Forward
1 - 49% - 50% - 3:25
2 - 51% - 50% - 3:32
PK Defense
1 - 53% - 50% - 3:42
2 - 47% - 50% - 3:15
PK3 Forward
1 - 53% - 50% - 0:17
2 - 47% - 50% - 0:15
PK3 Defense
1 - 50% - 50% - 0:16
2 - 50% - 50% - 0:16
44 Forward
1 - 0% - 50%
2 - 0% - 50%
44 Defense
1 - 0% - 50%
2 - 0% - 50%
Last Minute Offensive - 0:00
Last Minute Defensive - 0:00
Total
Forward - 60:00
Defense - 60:00
|
Play-by-Play
1st period
0:01 of 1st period - Tomas Hertl wins face-off versus Dylan Strome in neutral zone.
0:04 of 1st period - Snap shot by Troy Terry.
0:04 of 1st period - Shot Misses the Net.
0:06 of 1st period - Snap shot by Troy Terry.
0:06 of 1st period - Stopped by Igor Shesterkin with a rebound.
1:16 of 1st period - Slapshot by Sam Bennett.
1:16 of 1st period - Deflect By Tyler Motte.
1:16 of 1st period - Shot Blocked by Cam Fowler.
1:16 of 1st period - Puck is out of play.
1:17 of 1st period - Scott Laughton wins face-off versus Nathan MacKinnon in New York Rangers zone.
1:48 of 1st period - Off-side.
1:49 of 1st period - Tomas Hertl wins face-off versus Mikael Granlund in neutral zone.
3:33 of 1st period - Snap shot by Sam Bennett.
3:33 of 1st period - Stopped by Igor Shesterkin without a rebound.
3:34 of 1st period - Tomas Hertl wins face-off versus Dylan Strome in New York Rangers zone.
3:47 of 1st period - Snap shot by Brady Tkachuk.
3:47 of 1st period - Stopped by Igor Shesterkin without a rebound.
3:48 of 1st period - Wyatt Johnston wins face-off versus Nathan MacKinnon in New York Rangers zone.
3:51 of 1st period - Wrist shot by Nick Bjugstad.
3:51 of 1st period - Shot Misses the Net.
4:01 of 1st period - Icing by Dougie Hamilton.
4:02 of 1st period - Mikael Granlund wins face-off versus Wyatt Johnston in Toronto Maple Leafs zone.
4:03 of 1st period - Snap shot by Joe Pavelski.
4:03 of 1st period - Stopped by Cam Talbot without a rebound.
4:04 of 1st period - Tomas Hertl wins face-off versus Mikael Granlund in Toronto Maple Leafs zone.
4:11 of 1st period - Wrist shot by Brady Tkachuk.
4:11 of 1st period - Shot Misses the Net.
4:13 of 1st period - Slapshot by Aaron Ekblad.
4:13 of 1st period - Stopped by Igor Shesterkin with a rebound.
4:15 of 1st period - Wrist shot by Troy Terry.
4:15 of 1st period - Shot Misses the Net.
4:17 of 1st period - Slapshot by Ryan Pulock.
4:17 of 1st period - Deflect By Brady Tkachuk.
4:17 of 1st period - Shot Blocked by Jake Walman.
4:17 of 1st period - Puck is out of play.
4:18 of 1st period - Dylan Strome wins face-off versus Tomas Hertl in New York Rangers zone.
4:35 of 1st period - Snap shot by Brady Tkachuk.
4:35 of 1st period - Stopped by Igor Shesterkin without a rebound.
4:36 of 1st period - Wyatt Johnston wins face-off versus Nathan MacKinnon in New York Rangers zone.
4:57 of 1st period - Cam Fowler is hit by Aaron Ekblad and loses puck.
5:05 of 1st period - Icing by Nick Bjugstad.
5:06 of 1st period - Mikael Granlund wins face-off versus Wyatt Johnston in Toronto Maple Leafs zone.
5:07 of 1st period - Wrist shot by Joe Pavelski.
5:07 of 1st period - Stopped by Cam Talbot without a rebound.
5:08 of 1st period - Teuvo Teravainen wins face-off versus Scott Laughton in Toronto Maple Leafs zone.
5:13 of 1st period - Slapshot by Teuvo Teravainen.
5:13 of 1st period - Stopped by Cam Talbot without a rebound.
5:14 of 1st period - Scott Laughton wins face-off versus Mikael Granlund in Toronto Maple Leafs zone.
5:14 of 1st period - Scott Laughton is hit by Brendan Smith.
5:22 of 1st period - Wrist shot by Andrew Mangiapane.
5:22 of 1st period - Shot Misses the Net.
5:36 of 1st period - Backhand shot by Joe Pavelski.
5:36 of 1st period - Stopped by Cam Talbot without a rebound.
5:37 of 1st period - Tomas Hertl wins face-off versus Dylan Strome in Toronto Maple Leafs zone.
5:48 of 1st period - Jake McCabe is hit by Brady Tkachuk and loses puck.
6:26 of 1st period - Slapshot by Nathan MacKinnon.
6:26 of 1st period - Stopped by Cam Talbot with a rebound.
6:28 of 1st period - Slapshot by Nikolaj Ehlers.
6:28 of 1st period - Deflect By Artemi Panarin.
6:28 of 1st period - Shot Misses the Net.
6:28 of 1st period - Puck is out of play.
6:29 of 1st period - Nathan MacKinnon wins face-off versus Wyatt Johnston in Toronto Maple Leafs zone.
6:32 of 1st period - Snap shot by Nathan MacKinnon.
6:32 of 1st period - Shot Misses the Net.
6:34 of 1st period - Slapshot by Cam Fowler.
6:34 of 1st period - Shot Blocked by Wyatt Johnston.
6:54 of 1st period - Slapshot by Artemi Panarin.
6:54 of 1st period - Stopped by Cam Talbot with a rebound.
6:56 of 1st period - Slapshot by Brendan Smith.
6:56 of 1st period - Shot Blocked by Dougie Hamilton.
6:58 of 1st period - Slapshot by Kyle Burroughs.
6:58 of 1st period - Stopped by Cam Talbot with a rebound.
7:00 of 1st period - Slapshot by Kyle Burroughs.
7:00 of 1st period - Stopped by Cam Talbot with a rebound.
7:02 of 1st period - Slapshot by Kyle Burroughs.
7:02 of 1st period - Deflect By Nathan MacKinnon.
7:02 of 1st period - Goal by Nathan MacKinnon - Toronto Maple Leafs : 0 - New York Rangers : 1.
7:03 of 1st period - Dylan Strome wins face-off versus Tomas Hertl in neutral zone.
7:45 of 1st period - Snap shot by Dylan Strome.
7:45 of 1st period - Shot Misses the Net.
7:47 of 1st period - Slapshot by Cam Fowler.
7:47 of 1st period - Stopped by Cam Talbot with a rebound.
8:34 of 1st period - Snap shot by Mathew Barzal.
8:34 of 1st period - Stopped by Cam Talbot with a rebound.
8:36 of 1st period - Slapshot by Adam Larsson.
8:36 of 1st period - Shot Blocked by Mario Ferraro.
9:21 of 1st period - Wrist shot by Mathew Barzal.
9:21 of 1st period - Stopped by Cam Talbot without a rebound.
9:22 of 1st period - Mikael Granlund wins face-off versus Nino Niederreiter in Toronto Maple Leafs zone.
9:27 of 1st period - Slapshot by Teuvo Teravainen.
9:27 of 1st period - Shot Misses the Net.
9:47 of 1st period - Ryan Pulock is hit by Nathan MacKinnon and loses puck.
9:56 of 1st period - Snap shot by Nick Bjugstad.
9:56 of 1st period - Goal by Nick Bjugstad - Toronto Maple Leafs : 1 - New York Rangers : 1.
9:57 of 1st period - Sam Bennett wins face-off versus Mikael Granlund in neutral zone.
9:59 of 1st period - Off-side.
10:00 of 1st period - Nino Niederreiter wins face-off versus Mikael Granlund in neutral zone.
10:14 of 1st period - Wrist shot by Joe Pavelski.
10:14 of 1st period - Shot Blocked by Aaron Ekblad.
11:41 of 1st period - Off-side.
11:42 of 1st period - Wyatt Johnston wins face-off versus David Kampf in neutral zone.
12:16 of 1st period - Wrist shot by Joe Pavelski.
12:16 of 1st period - Stopped by Cam Talbot without a rebound.
12:17 of 1st period - Nathan MacKinnon wins face-off versus Brandon Saad in Toronto Maple Leafs zone.
13:05 of 1st period - Jake Walman is hit by Sam Bennett and loses puck.
13:14 of 1st period - Snap shot by Nino Niederreiter.
13:14 of 1st period - Stopped by Igor Shesterkin without a rebound.
13:15 of 1st period - Sam Bennett wins face-off versus Nathan MacKinnon in New York Rangers zone.
13:30 of 1st period - Snap shot by Sam Bennett.
13:30 of 1st period - Shot Misses the Net.
14:01 of 1st period - Slapshot by Scott Laughton.
14:01 of 1st period - Shot Blocked by Dylan Strome.
14:03 of 1st period - Wrist shot by Scott Laughton.
14:03 of 1st period - Deflect By Brandon Saad.
14:03 of 1st period - Shot Blocked by Kyle Burroughs.
14:03 of 1st period - Puck is out of play.
14:04 of 1st period - Dylan Strome wins face-off versus Scott Laughton in New York Rangers zone.
14:31 of 1st period - Sean Walker is hit by Mikael Granlund and loses puck.
14:58 of 1st period - Sean Walker is hit by Artemi Panarin and loses puck.
15:17 of 1st period - Snap shot by Nathan MacKinnon.
15:17 of 1st period - Stopped by Cam Talbot without a rebound.
15:18 of 1st period - Sam Bennett wins face-off versus David Kampf in Toronto Maple Leafs zone.
15:29 of 1st period - Jake McCabe is hit by Aaron Ekblad and loses puck.
15:53 of 1st period - Snap shot by Brady Tkachuk.
15:53 of 1st period - Stopped by Igor Shesterkin without a rebound.
15:54 of 1st period - Nathan MacKinnon wins face-off versus Wyatt Johnston in New York Rangers zone.
17:39 of 1st period - Snap shot by Brady Tkachuk.
17:39 of 1st period - Deflect By Troy Terry.
17:39 of 1st period - Shot Misses the Net.
17:39 of 1st period - Puck is out of play.
17:40 of 1st period - Wyatt Johnston wins face-off versus Dylan Strome in New York Rangers zone.
17:50 of 1st period - Minor Penalty to Mathew Barzal for Interference.
17:51 of 1st period - David Kampf wins face-off versus Wyatt Johnston in New York Rangers zone.
18:01 of 1st period - Adam Larsson is hit by Aaron Ekblad.
19:39 of 1st period - Mikael Granlund is hit by Brady Tkachuk and loses puck.
19:50 of 1st period - Penalty to Mathew Barzal is over, Mathew Barzal is back on ice.
Goals for this period are 1 for Toronto Maple Leafs vs 1 for New York Rangers.
Shots for this period are 8 for Toronto Maple Leafs vs 14 for New York Rangers.
2nd period
0:01 of 2nd period - Mikael Granlund wins face-off versus Wyatt Johnston in neutral zone.
0:06 of 2nd period - Wrist shot by Joe Pavelski.
0:06 of 2nd period - Shot Misses the Net.
0:08 of 2nd period - Snap shot by Teuvo Teravainen.
0:08 of 2nd period - Shot Blocked by Quinton Byfield.
0:10 of 2nd period - Snap shot by Teuvo Teravainen.
0:10 of 2nd period - Deflect By Wyatt Johnston.
0:10 of 2nd period - Stopped by Cam Talbot with a rebound.
0:12 of 2nd period - Slapshot by Jake McCabe.
0:12 of 2nd period - Stopped by Cam Talbot with a rebound.
0:28 of 2nd period - Snap shot by Nino Niederreiter.
0:28 of 2nd period - Shot Misses the Net.
0:30 of 2nd period - Wrist shot by Nicolas Roy.
0:30 of 2nd period - Deflect By Sam Bennett.
0:30 of 2nd period - Shot Misses the Net.
0:30 of 2nd period - Puck is out of play.
0:31 of 2nd period - Sam Bennett wins face-off versus Dylan Strome in New York Rangers zone.
0:34 of 2nd period - Snap shot by Nino Niederreiter.
0:34 of 2nd period - Stopped by Igor Shesterkin without a rebound.
0:35 of 2nd period - Dylan Strome wins face-off versus Wyatt Johnston in New York Rangers zone.
0:35 of 2nd period - Dylan Strome is hit by Quinton Byfield.
1:05 of 2nd period - Wrist shot by Nino Niederreiter.
1:05 of 2nd period - Stopped by Igor Shesterkin without a rebound.
1:06 of 2nd period - Sam Bennett wins face-off versus Mikael Granlund in New York Rangers zone.
1:23 of 2nd period - Wrist shot by Teuvo Teravainen.
1:23 of 2nd period - Stopped by Cam Talbot without a rebound.
1:24 of 2nd period - Scott Laughton wins face-off versus Dylan Strome in Toronto Maple Leafs zone.
1:41 of 2nd period - Snap shot by Cole Caufield.
1:41 of 2nd period - Deflect By Dylan Strome.
1:41 of 2nd period - Stopped by Cam Talbot with a rebound.
2:43 of 2nd period - Wrist shot by David Kampf.
2:43 of 2nd period - Deflect By Tyler Motte.
2:43 of 2nd period - Goal by Tyler Motte - Toronto Maple Leafs : 1 - New York Rangers : 2.
2:44 of 2nd period - Dylan Strome wins face-off versus Wyatt Johnston in neutral zone.
2:56 of 2nd period - Wrist shot by Quinton Byfield.
2:56 of 2nd period - Shot Misses the Net.
2:58 of 2nd period - Backhand shot by Wyatt Johnston.
2:58 of 2nd period - Shot Blocked by Jake McCabe.
3:00 of 2nd period - Snap shot by Nick Bjugstad.
3:00 of 2nd period - Stopped by Igor Shesterkin without a rebound.
3:01 of 2nd period - Mikael Granlund wins face-off versus Troy Terry in New York Rangers zone.
3:08 of 2nd period - Snap shot by Mikael Granlund.
3:08 of 2nd period - Stopped by Cam Talbot with a rebound.
3:33 of 2nd period - Brandon Saad is hit by Jake Walman and loses puck.
3:38 of 2nd period - Snap shot by Mathew Barzal.
3:38 of 2nd period - Goal by Mathew Barzal - Toronto Maple Leafs : 1 - New York Rangers : 3.
3:39 of 2nd period - Mikael Granlund wins face-off versus Sam Bennett in neutral zone.
5:11 of 2nd period - Off-side.
5:12 of 2nd period - Wyatt Johnston wins face-off versus Dylan Strome in neutral zone.
5:19 of 2nd period - Cole Caufield is hit by Quinton Byfield and loses puck.
6:09 of 2nd period - Slapshot by Troy Terry.
6:09 of 2nd period - Stopped by Igor Shesterkin without a rebound.
6:10 of 2nd period - Quinton Byfield wins face-off versus Dylan Strome in New York Rangers zone.
6:47 of 2nd period - Snap shot by Joe Pavelski.
6:47 of 2nd period - Shot Misses the Net.
7:07 of 2nd period - Wrist shot by Nathan MacKinnon.
7:07 of 2nd period - Stopped by Cam Talbot without a rebound.
7:08 of 2nd period - Scott Laughton wins face-off versus Nathan MacKinnon in Toronto Maple Leafs zone.
7:08 of 2nd period - Scott Laughton is hit by Nikolaj Ehlers.
7:25 of 2nd period - Nikolaj Ehlers and Sean Walker fight to a draw.
7:25 of 2nd period - Penalty to Nikolaj Ehlers for Fighting.
7:25 of 2nd period - Penalty to Sean Walker for Fighting.
7:26 of 2nd period - Wyatt Johnston wins face-off versus Dylan Strome in Toronto Maple Leafs zone.
7:51 of 2nd period - Cole Caufield is hit by Tomas Hertl and loses puck.
8:08 of 2nd period - Slapshot by Cole Caufield.
8:08 of 2nd period - Goal by Cole Caufield - Toronto Maple Leafs : 1 - New York Rangers : 4.
8:09 of 2nd period - Mikael Granlund wins face-off versus Nicolas Roy in neutral zone.
9:00 of 2nd period - Jake Walman is hit by Dougie Hamilton and loses puck.
9:17 of 2nd period - Minor Penalty to Dougie Hamilton for Roughing.
9:18 of 2nd period - Dylan Strome wins face-off versus Nick Bjugstad in Toronto Maple Leafs zone.
11:17 of 2nd period - Penalty to Dougie Hamilton is over, Dougie Hamilton is back on ice.
11:26 of 2nd period - Tyler Motte is hit by Tomas Hertl and loses puck.
11:37 of 2nd period - Nathan MacKinnon is hit by Dougie Hamilton and loses puck.
11:42 of 2nd period - Snap shot by Wyatt Johnston.
11:42 of 2nd period - Stopped by Igor Shesterkin without a rebound.
11:43 of 2nd period - Dylan Strome wins face-off versus Sam Bennett in New York Rangers zone.
12:36 of 2nd period - Off-side.
12:37 of 2nd period - Tomas Hertl wins face-off versus Mikael Granlund in neutral zone.
12:49 of 2nd period - Wrist shot by Brady Tkachuk.
12:49 of 2nd period - Shot Misses the Net.
12:51 of 2nd period - Slapshot by Tomas Hertl.
12:51 of 2nd period - Shot Misses the Net.
12:53 of 2nd period - Backhand shot by Troy Terry.
12:53 of 2nd period - Stopped by Igor Shesterkin without a rebound.
12:54 of 2nd period - Sam Bennett wins face-off versus Nathan MacKinnon in New York Rangers zone.
13:02 of 2nd period - Slapshot by Nicolas Roy.
13:02 of 2nd period - Shot Misses the Net.
13:04 of 2nd period - Snap shot by Sam Bennett.
13:04 of 2nd period - Stopped by Igor Shesterkin without a rebound.
13:05 of 2nd period - Dylan Strome wins face-off versus Tomas Hertl in New York Rangers zone.
13:05 of 2nd period - Dylan Strome is hit by Ryan Pulock.
13:32 of 2nd period - Cam Fowler is hit by Ryan Pulock and loses puck.
13:47 of 2nd period - Minor Penalty to Nikolaj Ehlers for Interference.
13:48 of 2nd period - Tomas Hertl wins face-off versus David Kampf in New York Rangers zone.
14:15 of 2nd period - Jake Walman is hit by Quinton Byfield and loses puck.
14:20 of 2nd period - Wrist shot by Quinton Byfield.
14:20 of 2nd period - Stopped by Igor Shesterkin with a rebound.
14:22 of 2nd period - Slapshot by Aaron Ekblad.
14:22 of 2nd period - Stopped by Igor Shesterkin without a rebound.
14:23 of 2nd period - Wyatt Johnston wins face-off versus David Kampf in New York Rangers zone.
15:08 of 2nd period - Snap shot by Brady Tkachuk.
15:08 of 2nd period - Stopped by Igor Shesterkin with a rebound.
15:14 of 2nd period - Minor Penalty to Brendan Smith for Hooking.
15:15 of 2nd period - David Kampf wins face-off versus Tomas Hertl in New York Rangers zone.
15:30 of 2nd period - Wrist shot by Mikael Granlund.
15:30 of 2nd period - Stopped by Cam Talbot without a rebound.
15:31 of 2nd period - David Kampf wins face-off versus Wyatt Johnston in Toronto Maple Leafs zone.
15:47 of 2nd period - Penalty to Nikolaj Ehlers is over, Nikolaj Ehlers is back on ice.
17:14 of 2nd period - Penalty to Brendan Smith is over, Brendan Smith is back on ice.
17:33 of 2nd period - Slapshot by Sam Bennett.
17:33 of 2nd period - Shot Blocked by Mathew Barzal.
18:07 of 2nd period - Snap shot by Nathan MacKinnon.
18:07 of 2nd period - Shot Blocked by Nicolas Roy.
18:09 of 2nd period - Snap shot by Jake McCabe.
18:09 of 2nd period - Stopped by Cam Talbot without a rebound.
18:10 of 2nd period - Wyatt Johnston wins face-off versus Mikael Granlund in Toronto Maple Leafs zone.
18:10 of 2nd period - Wyatt Johnston is hit by Cam Fowler.
18:32 of 2nd period - Minor Penalty to Joe Pavelski for Roughing.
18:33 of 2nd period - Wyatt Johnston wins face-off versus David Kampf in New York Rangers zone.
18:36 of 2nd period - Slapshot by Quinton Byfield.
18:36 of 2nd period - Stopped by Igor Shesterkin with a rebound.
19:28 of 2nd period - Quinton Byfield is hit by Teuvo Teravainen and loses puck.
19:41 of 2nd period - Jake Walman is hit by Tomas Hertl.
Goals for this period are 0 for Toronto Maple Leafs vs 3 for New York Rangers.
Shots for this period are 11 for Toronto Maple Leafs vs 11 for New York Rangers.
3rd period
0:01 of 3rd period - Mikael Granlund wins face-off versus Tomas Hertl in neutral zone.
0:10 of 3rd period - Teuvo Teravainen is hit by Cody Ceci and loses puck.
0:26 of 3rd period - Wyatt Johnston is hit by David Kampf.
0:32 of 3rd period - Penalty to Joe Pavelski is over, Joe Pavelski is back on ice.
0:34 of 3rd period - Snap shot by Joe Pavelski.
0:34 of 3rd period - Shot Blocked by Cody Ceci.
1:19 of 3rd period - Aaron Ekblad is hit by Cole Caufield and loses puck.
1:36 of 3rd period - Wrist shot by Mikael Granlund.
1:36 of 3rd period - Stopped by Cam Talbot with a rebound.
2:12 of 3rd period - Off-side.
2:13 of 3rd period - Nicolas Roy wins face-off versus Nathan MacKinnon in neutral zone.
3:09 of 3rd period - Snap shot by Quinton Byfield.
3:09 of 3rd period - Shot Blocked by Cam Fowler.
4:47 of 3rd period - Minor Penalty to Nick Bjugstad for Slashing.
4:48 of 3rd period - Tomas Hertl wins face-off versus Dylan Strome in Toronto Maple Leafs zone.
6:24 of 3rd period - Joe Pavelski is hit by Brady Tkachuk and loses puck.
6:47 of 3rd period - Penalty to Nick Bjugstad is over, Nick Bjugstad is back on ice.
6:57 of 3rd period - Snap shot by Nick Bjugstad.
6:57 of 3rd period - Stopped by Igor Shesterkin without a rebound.
6:58 of 3rd period - Tomas Hertl wins face-off versus David Kampf in New York Rangers zone.
7:14 of 3rd period - Off-side.
7:15 of 3rd period - Nathan MacKinnon wins face-off versus Wyatt Johnston in neutral zone.
7:46 of 3rd period - Mario Ferraro is hit by Cam Fowler and loses puck.
8:04 of 3rd period - Off-side.
8:05 of 3rd period - Sam Bennett wins face-off versus Dylan Strome in neutral zone.
8:54 of 3rd period - Snap shot by Mathew Barzal.
8:54 of 3rd period - Stopped by Cam Talbot without a rebound.
8:55 of 3rd period - Nathan MacKinnon wins face-off versus Troy Terry in Toronto Maple Leafs zone.
9:40 of 3rd period - Minor Penalty to Brady Tkachuk for Slashing.
9:41 of 3rd period - Dylan Strome wins face-off versus Nick Bjugstad in Toronto Maple Leafs zone.
10:01 of 3rd period - Artemi Panarin is hit by Aaron Ekblad and loses puck.
11:14 of 3rd period - Nicolas Roy is hit by Dylan Strome and loses puck.
11:40 of 3rd period - Penalty to Brady Tkachuk is over, Brady Tkachuk is back on ice.
12:33 of 3rd period - Sean Walker is hit by Jake McCabe and loses puck.
12:55 of 3rd period - Slapshot by Dougie Hamilton.
12:55 of 3rd period - Stopped by Igor Shesterkin without a rebound.
12:56 of 3rd period - Nathan MacKinnon wins face-off versus Brandon Saad in New York Rangers zone.
12:56 of 3rd period - Nathan MacKinnon is hit by Cody Ceci.
13:02 of 3rd period - Slapshot by Nathan MacKinnon.
13:02 of 3rd period - Stopped by Cam Talbot with a rebound.
13:04 of 3rd period - Slapshot by Kyle Burroughs.
13:04 of 3rd period - Deflect By Nathan MacKinnon.
13:04 of 3rd period - Stopped by Cam Talbot with a rebound.
13:38 of 3rd period - Snap shot by Conor Garland.
13:38 of 3rd period - Stopped by Cam Talbot with a rebound.
13:40 of 3rd period - Wrist shot by Conor Garland.
13:40 of 3rd period - Goal by Conor Garland - Toronto Maple Leafs : 1 - New York Rangers : 5.
13:41 of 3rd period - Nathan MacKinnon wins face-off versus Wyatt Johnston in neutral zone.
13:45 of 3rd period - Icing by Aaron Ekblad.
13:46 of 3rd period - Wyatt Johnston wins face-off versus Nathan MacKinnon in Toronto Maple Leafs zone.
13:55 of 3rd period - Wrist shot by Quinton Byfield.
13:55 of 3rd period - Shot Misses the Net.
14:21 of 3rd period - Snap shot by Tomas Hertl.
14:21 of 3rd period - Shot Misses the Net.
14:35 of 3rd period - Wrist shot by Mathew Barzal.
14:35 of 3rd period - Shot Blocked by Sam Bennett.
14:37 of 3rd period - Wrist shot by Mathew Barzal.
14:37 of 3rd period - Stopped by Cam Talbot without a rebound.
14:38 of 3rd period - Dylan Strome wins face-off versus Wyatt Johnston in Toronto Maple Leafs zone.
14:41 of 3rd period - Snap shot by Cole Caufield.
14:41 of 3rd period - Shot Blocked by Sean Walker.
15:50 of 3rd period - Snap shot by Andrew Mangiapane.
15:50 of 3rd period - Shot Blocked by Jake McCabe.
16:11 of 3rd period - Snap shot by Mathew Barzal.
16:11 of 3rd period - Shot Misses the Net.
16:31 of 3rd period - Brady Tkachuk is hit by Kyle Burroughs and loses puck.
16:48 of 3rd period - Snap shot by Troy Terry.
16:48 of 3rd period - Stopped by Igor Shesterkin with a rebound.
17:13 of 3rd period - Snap shot by Quinton Byfield.
17:13 of 3rd period - Shot Misses the Net.
17:32 of 3rd period - Ryan Pulock is hit by Kyle Burroughs and loses puck.
17:41 of 3rd period - Wrist shot by Artemi Panarin.
17:41 of 3rd period - Shot Misses the Net.
17:43 of 3rd period - Wrist shot by Nikolaj Ehlers.
17:43 of 3rd period - Stopped by Cam Talbot with a rebound.
17:59 of 3rd period - Slapshot by Aaron Ekblad.
17:59 of 3rd period - Shot Misses the Net.
18:01 of 3rd period - Wrist shot by Ryan Pulock.
18:01 of 3rd period - Stopped by Igor Shesterkin without a rebound.
18:02 of 3rd period - Dylan Strome wins face-off versus Tomas Hertl in New York Rangers zone.
18:10 of 3rd period - Minor Penalty to Dylan Strome for Roughing.
18:11 of 3rd period - Tomas Hertl wins face-off versus David Kampf in New York Rangers zone.
18:15 of 3rd period - Backhand shot by Brady Tkachuk.
18:15 of 3rd period - Goal by Brady Tkachuk - Toronto Maple Leafs : 2 - New York Rangers : 5.
18:16 of 3rd period - Teuvo Teravainen wins face-off versus Wyatt Johnston in neutral zone.
18:33 of 3rd period - Wyatt Johnston is hit by Joe Pavelski and loses puck.
18:50 of 3rd period - Slapshot by Brady Tkachuk.
18:50 of 3rd period - Shot Misses the Net.
19:30 of 3rd period - Snap shot by Brandon Saad.
19:30 of 3rd period - Shot Blocked by Jake McCabe.
19:55 of 3rd period - Kyle Burroughs is hit by Wyatt Johnston and loses puck.
Goals for this period are 1 for Toronto Maple Leafs vs 1 for New York Rangers.
Shots for this period are 5 for Toronto Maple Leafs vs 8 for New York Rangers.
Back to the Top